[Event "Masterklassen 2025"]
[Site "Uppsala, Sweden"]
[Date "2025.07.06"]
[Round "9.9"]
[White "Willstedt, Lukas"]
[Black "Ask, Josef"]
[Result "1-0"]
[TimeControl "90 min for 40 move + 30 min with an increment of 30 sec starting move 1"]
[BlackTitle "FM"]
[WhiteFideId "1751913"]
[BlackFideId "1704583"]
[WhiteElo "2055"]
[BlackElo "2121"]

1. d4 b6 2. e4 Bb7 3. Bd3 e6 4.
Nf3 g6 5. O-O Bg7 6. c3 Ne7 7. Bg5 h6 8. Bh4 g5 9. Bg3 O-O 10. e5 f5 11. exf6 Rxf6 12. Nbd2 Nf5 13. Be5 Rf7 14.
Be4 Bxe4 15. Nxe4 g4 16. Nfd2 h5 17. Qe2 Nc6 18. Bxg7 Rxg7 19. f3 Qe7 20. fxg4 Rxg4 21. h3 Rg6 22.
d5 Ne5 23. dxe6 dxe6 24. Nf3 Qg7 25. Nxe5 Qxe5 26. Rf2 Rd8 27. Qxh5 Rg7 28. Qe2 Rdd7 29. Re1 Rg6 30. Nd2 Qg7 31.
Nf3 Rd6 32. Qe5 Qh6 33. Kh2 Rd7 34. Nd4 Nxd4 35. cxd4 Rdg7 36. Ref1 Qh4 37. d5 exd5 38. Qxd5+ Kh7 39. Rf7 Qg3+ 40.
Kh1 Qxg2+ 41. Qxg2 Rxg2 42. Rxg7+ Rxg7 43. Kh2 Rd7 44. Rf2 Kg6 45. Kg3 c5 46. h4 Rd3+ 47. Kg4 Rd4+ 48. Kg3 c4 49.
Re2 Kf5 50. Rf2+ Kg6 51. Re2 Rd3+ 52. Kg4 Rd4+ 53. Kg3 Kf5 54. Rf2+ Ke5 55. h5 Rd1 56. Rh2 Rg1+ 57. Kf3 Rg7 58.
Ke3 Rg3+ 59. Kd2 Rd3+ 60. Kc2 Rd8 61. h6 Rh8 62. Kc3 b5 63. Rh5+ Ke4 64. Rxb5 Rxh6 65. Kxc4 Rc6+ 66. Rc5 Ra6 67.
a3 Ke3 68. Rd5 Ke2 69. Kb3 Rb6+ 70. Ka2 Ke3 71. b4 a6 72. Kb3 Ke4 73. Kc4 Rc6+ 74. Rc5 Rd6 75. Kb3 Rh6 76. Ka4 Kd4 77.
Ka5 Rg6 78. a4 Rf6 79. Rc8 Kd3 80. Ra8 Kc4 81. Rxa6 Rf5+ 82. b5 Kb3 83.
Rh6 Rf4 84. Rh3+ Kc4 85. Ka6 Kb4 86. a5 Rf8 87. b6 Ra8+ 88.
Kb7 Rxa5 89. Rh4+ Kb3 90. Kc7 Rg5 91. b7 Rg7+ 92. Kb6 Rg8 93. Ka7 Rg7 94. Ka8 1-0

[Event "Masterklassen 2025"]
[Site "Uppsala, Sweden"]
[Date "2025.07.06"]
[Round "9.10"]
[White "Soppela, Toni"]
[Black "Malm, Simon"]
[Result "0-1"]
[TimeControl "90 min for 40 move + 30 min with an increment of 30 sec starting move 1"]
[WhiteFideId "1766163"]
[BlackFideId "1759825"]
[WhiteElo "2090"]
[BlackElo "2007"]

1. d4 d5 2. c4 c6 3. Nf3 Nf6 4. Nc3 e6 5. e3 Nbd7 6. Qc2 Bd6 7. b3 O-O 8. Be2 b6 9. O-O Bb7 10.
Bb2 Rc8 11. Rad1 Qe7 12. e4 dxe4 13. Nxe4 Nxe4 14. Qxe4 f5 15. Qd3 Rcd8 16. Rfe1 c5 17. Bf1 Be4 18. Qe3 cxd4 19. Bxd4 e5 20.
Bc3 Bxf3 21. Qxf3 e4 22. Qe3 Ne5 23. h3 Bc5 24. Bd4 Rxd4 0-1

[Event "Masterklassen 2025"]
[Site "Uppsala, Sweden"]
[Date "2025.07.06"]
[Round "9.11"]
[White "Jonsson, Jacob"]
[Black "Mardell, Jimmy"]
[Result "1/2-1/2"]
[TimeControl "90 min for 40 move + 30 min with an increment of 30 sec starting move 1"]
[WhiteFideId "1726315"]
[BlackFideId "1705610"]
[WhiteElo "2112"]
[BlackElo "2227"]

1. d4 d5 2. c4 c6 3. Nf3 Nf6 4. Nc3 dxc4 5. a4 Bf5 6. e3 e6 7. Bxc4 Bb4 8. O-O O-O 9. Qe2 Bg6 10.
Ne5 Nbd7 11. Nxg6 hxg6 12. Rd1 Qe7 13. Bd2 Rfd8 14. Bb3 e5 15. Be1 a5 16. f3 exd4 17. exd4 Qxe2 18. Nxe2 Bxe1 19.
Rxe1 Nb6 20. Kf2 Nfd5 21. Rad1 Rd7 22. Ng3 f5 23. Re5 Kh7 24. Ne2 Rad8 25. f4 Rd6 26. Rd3 Kg8 27. Re7 R6d7 28.
Rxd7 Rxd7 29. Rc3 Kf8 30. Rc5 Nb4 31. Ke3 N6d5+ 32. Bxd5 Rxd5 33. g3 Ke7 34. Nc1 b6 35. Rc4 Rd6 36.
Nd3 Nxd3 37. Kxd3 Ke6 38. b4 axb4 39. Rxb4 c5 1/2-1/2

[Event "Masterklassen 2025"]
[Site "Uppsala, Sweden"]
[Date "2025.07.06"]
[Round "9.12"]
[White "Dingertz, Erik"]
[Black "Wakeham, Daniel"]
[Result "1/2-1/2"]
[TimeControl "90 min for 40 move + 30 min with an increment of 30 sec starting move 1"]
[WhiteFideId "1741578"]
[BlackFideId "1705482"]
[WhiteElo "2121"]
[BlackElo "2045"]

1. d4 Nf6 2. Nf3 e6 3. g3 b6 4. Bg2 Bb7 5. O-O Be7 6. c4 O-O 7. Nc3 Ne4 8. Qc2 Nxc3 9. Qxc3 d6 10.
Rd1 f5 11. b4 a5 12. a3 Bf6 13. Bb2 Qe8 14. c5 axb4 15. axb4 Rxa1 16. Rxa1 dxc5 17. bxc5 b5 18. Ra7 Qc8 19.
Qb3 Bd5 20. Qxb5 Nc6 21. Ra1 Qd7 22. Qa4 Rb8 23. Bc3 Rb3 24. Bd2 Rb2 25. e3 g5 26. Bc3 Rb3 27. Be1 Rb7 28. Qd1 g4 29.
Ne5 Nxe5 30. dxe5 Bxe5 31. e4 Bc6 32. Qxd7 Bxd7 33. Rd1 c6 34. exf5 exf5 35. Ba5 Ra7 36. Bb6 Ra8 1/2-1/2

[Event "Masterklassen 2025"]
[Site "Uppsala, Sweden"]
[Date "2025.07.06"]
[Round "9.14"]
[White "Ostensson, Julia"]
[Black "Lind, Jan-Olov"]
[Result "1/2-1/2"]
[TimeControl "90 min for 40 move + 30 min with an increment of 30 sec starting move 1"]
[WhiteFideId "1747703"]
[BlackFideId "1701193"]
[WhiteElo "2005"]
[BlackElo "2057"]

1. d4 d5 2. c4 c6 3. Nf3 Nf6 4. Nc3 g6 5. g3 Bg7 6. Bg2 O-O 7. cxd5 cxd5 8. O-O Nc6 9. Bf4 Nh5 10.
Ne5 Nxf4 11. gxf4 e6 12. e3 g5 13. Nd3 b6 14. Rc1 Bb7 15. Kh1 Kh8 16. Rg1 gxf4 17. Nxf4 Qh4 18. Rc2 Bf6 19.
Qh5 Qxh5 20. Nxh5 Be7 21. a3 Rac8 22. Rgc1 Na5 23. Bf1 Nb3 24. Rd1 a6 25. Bd3 b5 26. Na2 Na5 27. Ng3 Rxc2 28.
Bxc2 Nc4 29. Rb1 Nd2 30. Rd1 Nc4 31. Rb1 Nd2 32. Rd1 1/2-1/2

[Event "Masterklassen 2025"]
[Site "Uppsala, Sweden"]
[Date "2025.07.06"]
[Round "9.15"]
[White "Tornberg, Carlos"]
[Black "Sergelenbaatar, Khaschuluu"]
[Result "0-1"]
[TimeControl "90 min for 40 move + 30 min with an increment of 30 sec starting move 1"]
[WhiteFideId "1733478"]
[BlackFideId "4920929"]
[WhiteElo "2233"]
[BlackElo "1996"]

1. e4 c6 2. d4 d5 3. Nc3 dxe4 4.
Nxe4 Bf5 5. Ng3 Bg6 6. h4 h6 7. Nf3 Nd7 8. h5 Bh7 9. Bd3 Bxd3 10. Qxd3 e6 11. Bd2 Ngf6 12. O-O-O Be7 13.
Ne4 Qb6 14. Kb1 Rd8 15. Qe2 Nxe4 16. Qxe4 Nf6 17. Qe2 c5 18. Bc3 Nd5 19. Be1 cxd4 20. Nxd4 O-O 21. Qb5 Qc7 22. Ba5 b6 23.
Bd2 Bf6 24. Nf3 Rc8 25. Qb3 b5 26. g4 a5 27. g5 a4 28. Qd3 hxg5 29. h6 Rfd8 30. Qe4 a3 31. hxg7 Bxg7 32. Qh7+ Kf8 33.
Bxg5 Nc3+ 34. bxc3 Qxc3 35. Qxg7+ Kxg7 0-1

[Event "Masterklassen 2025"]
[Site "Uppsala, Sweden"]
[Date "2025.07.06"]
[Round "9.16"]
[White "Stanley, Mikael"]
[Black "Darnell, Anton"]
[Result "0-1"]
[TimeControl "90 min for 40 move + 30 min with an increment of 30 sec starting move 1"]
[WhiteFideId "1703730"]
[BlackFideId "1720244"]
[WhiteElo "2150"]
[BlackElo "2007"]

1. Nf3 Nf6 2. c4 e6 3. g3 d5 4. Bg2 Nbd7 5. O-O c6 6. Qc2 e5 7. cxd5 cxd5 8. Nc3 Bd6 9. d4 e4 10.
Ng5 O-O 11. f3 h6 12. fxe4 hxg5 13. e5 Nxe5 14. dxe5 Bxe5 15. Bxg5 Be6 16. Kh1 Qc7 17. e3 Rac8 18. Rac1 Qb6 19.
Qd2 Bxc3 20. Rxc3 Rxc3 21. Bxf6 Rxe3 22. Bd4 Re2 23. Qf4 Qb4 24. Bf3 Rd2 25. Bc3 Qxf4 26. gxf4 Rd3 27. Bg2 Bh3 28.
Bxh3 Rxh3 0-1